 Dungeon Crawl Stone Soup version 0.26.1-2-gb8aa6d0cf2 (webtiles) character file.

Game seed: 15505779210246525079

74 funkygono the Firebug (level 4, -1/31 HPs)
             Began as a Demonspawn Fire Elementalist on Feb 18, 2021.
             Slain by an iguana (9 damage)
             ... on level 4 of the Dungeon.
             The game lasted 00:05:37 (3287 turns).

funkygono the Firebug (DsFE)                        Turns: 3287, Time: 00:05:38

Health: -1/31      AC:  9    Str:  8    XL:     4   Next: 10%
Magic:  3/8        EV: 10    Int: 18    God:
Gold:   167        SH:  0    Dex: 13    Spells: 8/9 levels left

rFire    . . .     SeeInvis .   e - +1 whip
rCold    + . .     Faith    .   (no shield)
rNeg     . . .     Spirit   .   i - +2 ring mail {rC+}
rPois    .         Reflect  .   (helmet restricted)
rElec    .         Harm     .   (no cloak)
rCorr    .         Rampage  .   (no gloves)
Will     .....                  (no boots)
Stlth    +.........             (no amulet)
HPRegen  0.10/turn              (no ring)
MPRegen  0.11/turn              (no ring)

@: no status effects
A: antennae 1, rugged brown scales 2
a: no special abilities


You were on level 4 of the Dungeon.
You visited 1 branch of the dungeon, and saw 4 of its levels.

You collected 167 gold pieces.

Inventory:

Hand Weapons
 e - a +1 whip (weapon)
Armour
 a - a +0 robe
 c - a +0 scale mail of willpower
 i - a +2 ring mail of cold resistance (worn)
Magical Staves
 m - an uncursed staff of earth
Wands
 n - a wand of flame (14)
Scrolls
 b - 7 scrolls of remove curse
 d - a scroll of fog
 k - a scroll of amnesia {unknown}
 l - a scroll of blinking
Potions
 f - 2 potions of flight
 g - a potion of brilliance
 h - a potion of attraction {unknown}
 j - a potion of haste {unknown}


   Skills:
 + Level 0.2 Fighting
 + Level 0.2 Maces & Flails
 * Level 0.8 Armour
 + Level 1.8 Dodging
 + Level 1.8 Stealth
 * Level 3.0 Spellcasting
 * Level 1.3 Conjurations
 * Level 3.3 Fire Magic


You had 8 spell levels left.
You knew the following spells:

 Your Spells              Type           Power        Failure   Level
a - Foxfire               Conj/Fire      44%          19%         1

Your spell library contained the following spells:

 Spells                   Type           Power        Failure   Level
 Conjure Flame            Conj/Fire      11%          50%         3
 Inner Flame              Hex/Fire       8%           58%         3
 Sticky Flame             Conj/Fire      11%          88%         4
 Fireball                 Conj/Fire      5%           99%         5


Dungeon Overview and Level Annotations

Branches:
Dungeon (4/15)
 Temple: D:4-7

Altars:
Ashenzari
Makhleb
Nemelex Xobeh
Qazlal


Innate Abilities, Weirdness & Mutations

You have a pair of small antennae on your head.
You are mostly covered in rugged brown scales. (AC +2, +5% HP)


Message History

The iguana is severely wounded.
The iguana bites you.
* * * LOW HITPOINT WARNING * * *
Casting: Foxfire (safe; 19% risk of failure)
Confirm with . or Enter, or press ? or * to list all spells.
You conjure some foxfire!
The iguana barely misses you.
Unknown command.
Casting: Foxfire (safe; 19% risk of failure)
Confirm with . or Enter, or press ? or * to list all spells.
Nothing appears to happen.
The foxfire hits the iguana but does no damage.
The iguana is severely wounded.
The foxfire hits the iguana but does no damage.
The iguana is severely wounded.
The iguana hisses menacingly.
The iguana barely misses you.
Casting: Foxfire (safe; 19% risk of failure)
Confirm with . or Enter, or press ? or * to list all spells.
You conjure some foxfire!
The iguana bites you!
You die...

.#######..# ..#
#...<# ### ..#
##....# ..# .##
#.....# #.# ##
####..# #.# ##
#...# #.# ..+
#...# #.# ...#
#...######v#..!.#
#........v@l....#
#################


You could see an iguana.

Vanquished Creatures
  An adder (D:2)
  A shadow imp (D:2)
  An ooze (D:2)
  A worm (D:3)
  A dart slug (D:1)
  A leopard gecko (D:3)
  An orc (D:2)
  2 ball pythons
  3 bats
  2 giant cockroaches
  4 hobgoblins
  8 jackals (D:3)
  4 frilled lizards
  4 goblins
  6 kobolds
  6 rats
46 creatures vanquished.

Vanquished Creatures (others)
  98 foxfires
98 creatures vanquished.

Grand Total: 144 creatures vanquished

Notes
Turn   | Place    | Note
-------+----------+-------------------------------------------
     0 | D:1      | funkygono the Demonspawn Fire Elementalist began the quest
                  | for the Orb.
     0 | D:1      | Reached XP level 1. HP: 13/13 MP: 3/3
   248 | D:1      | Gained mutation: You have a pair of small antennae on your
                  | head. [demonic ancestry]
   248 | D:1      | Reached XP level 2. HP: 19/19 MP: 0/5
  1251 | D:2      | Gained mutation: You are partially covered in rugged brown
                  | scales. (AC +1, +3% HP) [demonic ancestry]
  1251 | D:2      | Reached XP level 3. HP: 19/24 MP: 2/6
  1613 | D:2      | Found a sparkling altar of Nemelex Xobeh.
  2421 | D:3      | Found a broken altar of Ashenzari.
  2421 | D:3      | Found a sparkling altar of Nemelex Xobeh.
  2422 | D:3      | Found a stormy altar of Qazlal.
  2804 | D:3      | Gained mutation: You are mostly covered in rugged brown
                  | scales. (AC +2, +5% HP) [demonic ancestry]
  2804 | D:3      | Reached XP level 4. HP: 23/31 MP: 1/8
  2898 | D:3      | Found a burning altar of Makhleb.
  3287 | D:4      | Slain by an iguana

Illustrated notes

Levels and vault maps discovered:
D:1:      dpeg_arrival_prison, layout_basic
D:2:      layout_loops_ring, hangedman_glass_teeth, nemelex_dance_club_becter
D:3:      layout_basic, chequers_temple_overflow_statue_of_worship,
          bloody_makhleb
D:4:      minmay_door_path, layout_gridville, nrook_uturn, patterned_corridor

Skill      XL: |  1  2  3  4 |
---------------+-------------+-----
Fire Magic     | 3 |  3.3
Spellcasting   | 3 |  3.0
Fighting       | |  0.2
Maces & Flails | |  0.2
Armour         | |  0.8
Dodging        | |  1.8
Stealth        | |  1.8
Conjurations   | |  1.3

Action                   |  1- 3 |  4- 6 || total
-------------------------+-------+-------++-------
Melee: Club              |     2 |       ||     2
       Whip              |    83 |    34 ||   117
 Cast: Foxfire           |    55 |     8 ||    63
  Use: Scroll            |     5 |     3 ||     8
Armor: Scale mail        |    20 |       ||    20
       Ring mail         |    31 |    31 ||    62
Dodge: Dodged            |    51 |    26 ||    77
